 Dungeon Crawl Stone Soup version 0.31-a0-277-g31ea1f65cc (webtiles) character file.

Game seed: 9986251476376734933

289 oldmanjim the Changeling (level 6, 0/52 HPs)
             Began as a Draconian Shapeshifter on July 15, 2023.
             Succumbed to a scorpion's poison
             ... on level 6 of the Dungeon.
             The game lasted 00:05:09 (2166 turns).

oldmanjim the Changeling (Draconian Shapeshifter)   Turns: 2166, Time: 00:05:10

Health: 0/52       AC:  6    Str: 17    XL:     6   Next: 9%
Magic:  6/6        EV: 12    Int: 11    God:
Gold:   146        SH:  0    Dex: 11    Spells: 5/5 levels left

rFire   . .          .
                       - Unarmed
rCold   . . .        (no shield)
rNeg    . . .        (body armour unavailable)
rPois   .            (helmet currently unavailable)
rElec   .            (cloak currently unavailable)
rCorr   .            (gloves currently unavailable)
SInv    .            (boots currently unavailable)
Will    .....        (no amulet)
Stlth   +            (no ring)
HPRegen 0.28/turn    (no ring)
MPRegen 0.10/turn

%: no passive effects
@: lethally poisoned (0 -> -15), beast-form, hasted, very quick
A: beast (slay +2), AC +6, unfitting armour, cold-blooded
a: Begin Untransformation


You were on level 6 of the Dungeon.
You were a hulking beast.
You visited 1 branch of the dungeon, and saw 4 of its levels.

You collected 146 gold pieces.

Inventory:

Hand Weapons
 a - a +0 sling
Missiles
 e - 18 stones
 h - 4 poisoned darts
Jewellery
 n - an amulet of reflection
Talismans
 b - a beast talisman
Wands
 j - a wand of digging (7)
Scrolls
 c - 5 scrolls of identify {unknown}
 d - a scroll of poison {unknown}
 i - a scroll of teleportation {unknown}
Potions
 f - a potion of haste
 g - a potion of lignification
 k - 2 potions of curing {unknown}


   Skills:
 + Level 3.9 Fighting
 + Level 3.2 Dodging
 + Level 3.5 Unarmed Combat
 + Level 4.0 Shapeshifting


You had 5 spell levels left.
You didn't know any spells.
Your spell library was empty.

Dungeon Overview and Level Annotations

Branches:
Dungeon (3/15)

Altars:
Cheibriados


Innate Abilities, Weirdness & Mutations

You are a hulking beast.
Your limbs bulge with bestial killing power. (Slay +2)
Your plain brown scales are hard. (AC +6)
You cannot fit into any form of body armour.
You are cold-blooded and may be slowed by cold attacks.


Message History

You barely miss the scorpion. The scorpion stings you. x2
You are poisoned.
The scorpion poisons you!
You hit the scorpion.
You punch the scorpion, but do no damage.
The scorpion is moderately wounded.
You feel sick. The scorpion stings you.
You hit the scorpion.
The scorpion is moderately wounded.
You feel sick.
The scorpion stings you but does no damage.
You hit the scorpion.
You tail-slap the scorpion, but do no damage.
The scorpion is moderately wounded.
You feel sick. The scorpion closely misses you.
You hit the scorpion.
The scorpion is heavily wounded.
You feel sick.
The orc warrior hits you with a +0 long sword!
The scorpion stings you.
You are more poisoned.
The scorpion poisons you!
As you read the scroll labelled HIUTYCK POASH, it crumbles to dust.
It is a scroll of amnesia.
You feel forgetful for a moment.
You feel sick. The orc warrior barely misses you. The scorpion stings you.
You are lethally poisoned!
The scorpion poisons you!
As you read the scroll labelled VOETEG WISURGHECS, it crumbles to dust.
It is a scroll of enchant armour.
You aren't carrying any armour which can be enchanted further.
* * * LOW HITPOINT WARNING * * *
You feel very sick.
The orc shouts!
The scorpion closely misses you.
The orc warrior hits you with a +0 long sword!
* * * LOW HITPOINT WARNING * * *
The orc hits you but does no damage.
It was a potion of haste.
You feel yourself speed up.
You die...

# #. ..# ..#. #...#
#...).###. ..#.
#...####......... ....
.................
....####................
# #.......o....#.......
#.#.o.....#....#....#
#.###.....#....#s...##
....#o#####....oh....#
#####.# ####.##o....#
≈≈≈≈≈.# #...........#
#####.# #......####.#
....#.## #......# ##
#.###..###......# ...
#.#......o......###...#
# #.#####.###..........
... ########........


You could see an orc warrior, a scorpion and 2 orcs.

Vanquished Creatures
  Sigmund (D:3)
  A gnoll bouda (D:3)
  3 gnolls (D:3)
  An adder (D:2)
  2 dart slugs
  5 bats
  7 endoplasms
  4 giant cockroaches
  4 goblins
  8 hobgoblins
  2 jackals (D:2)
  4 quokkas (D:1)
  5 ball pythons
  3 frilled lizards
  3 kobolds (D:1)
  2 rats
55 creatures vanquished.

Notes
Turn   | Place    | Note
-------+----------+-------------------------------------------
     0 | D:1      | oldmanjim the Draconian Shapeshifter began the quest for
                  | the Orb.
     0 | D:1      | Reached XP level 1. HP: 17/17 MP: 1/1
   136 | D:1      | Reached XP level 2. HP: 22/25 MP: 2/2
   395 | D:1      | Reached XP level 3. HP: 30/30 MP: 3/3
  1802 | D:3      | Reached XP level 4. HP: 38/38 MP: 4/4
  1856 | D:3      | Noticed Sigmund
  1871 | D:3      | Killed Sigmund
  1872 | D:3      | Reached XP level 5. HP: 37/46 MP: 5/5
  2004 | D:3      | Reached skill level 4 in Shapeshifting
  2004 | D:3      | Reached XP level 6. HP: 25/52 MP: 6/6
  2004 | D:3      | You fall into a shaft and drop 3 floors!
  2113 | D:6      | Found a snail-covered altar of Cheibriados.
  2136 | D:6      | Noticed an orc warrior
  2136 | D:6      | Noticed an ice beast
  2166 | D:6      | Succumbed to a scorpion's poison

Illustrated notes

Levels and vault maps discovered:
D:1:      amcnicky_arrival_wind_blow, layout_basic, minivault_14
D:2:      layout_loops_corners
D:3:      layout_rooms, chequers_ecumenical_altar_twisty,
          kennysheep_generic_room_3, uniq_crazy_yiuf_cottage, uniq_sigmund
D:6:      layout_basic, mainiacjoe_overflow_tiny_flanked,
          nicolae_overflow_squiral, mainiacjoe_overflow_paths, temple_fountains,
          minmay_misc_feat_square, grunt_decor_cap

Skill      XL: |  1  2  3  4  5 |
---------------+----------------+-----
Dodging        | 2 3 |  3.2
Fighting       | 3 |  3.9
Unarmed Combat | 3 |  3.5
Shapeshifting  | 4 |  4.0

Action                     |  1- 3 |  4- 6 || total
---------------------------+-------+-------++-------
  Melee: Unarmed           |    74 |    29 ||   103
         Tailslap          |     6 |     4 ||    10
         Punch             |       |     1 ||     1
   Fire: Sling             |    64 |    18 ||    82
    Use: Scroll            |       |     2 ||     2
         Potion            |       |     1 ||     1
 Armour: Skin              |    31 |    13 ||    44
  Dodge: Dodged            |    57 |    14 ||    71

Table legend: (Time is in decaauts)
 A = Elapsed time spent in this place.
 B = Non-inter-level travel time spent in this place.
 C = Inter-level travel time spent in this place.
 D = Time resting spent in this place.
 E = Time spent auto-exploring this place.
 F = Levels seen in this place.
 G = Mean time per level.
                   A        B        C        D        E       F      G
               +--------+--------+--------+--------+--------+-----+--------+
         Total |   2184 |   2055 |    129 |     93 |   1554 |   4 |  546.0 |
       Dungeon |   2184 |   2055 |    129 |     93 |   1554 |   4 |  546.0 |
               +--------+--------+--------+--------+--------+-----+--------+

Top non-repeatable levels by time:
     D:2: 953 daAuts
     D:1: 839 daAuts
     D:3: 230 daAuts
     D:6: 161 daAuts
